 Dungeon Sprint DCSS version 0.30-a0-989-g0d87f670db (webtiles) character file.

Game seed: 8627475247435894966

312 DiggyJ the Carver (level 6, -1/84 HPs)
             Began as a Gnoll Wanderer on Apr 3, 2023.
             Was an Initiate of Gozag.
             Slain by an orc warrior
             ... wielding a +0 trident
              (9 damage)
             ... in the Dungeon (Sprint IX: "|||||||||||||||||||||||||||||").
             The game lasted 00:03:09 (518 turns).

DiggyJ the Carver (Gnoll Wanderer)                   Turns: 518, Time: 00:03:10

Health: -1/84      AC:  3    Str:  9    XL:     6   Next: 42%
Magic:  10/13      EV: 14    Int: 11    God:    Gozag
Gold:   0          SH:  0    Dex: 16    Spells: 14/14 levels left

rFire   . . .      SeeInvis .    p - +2 rapier (speed)
rCold   . . .      Faith    .    (no shield)
rNeg    . . .      Spirit   .    e - +0 robe
rPois   .          Reflect  .    c - +0 helmet
rElec   .          Rampage  .    (no cloak)
rCorr   .          NoTele   +    (no gloves)
Will    .....                    (no boots) Stlth
                                 (no amulet)
HPRegen 0.34/turn                (no ring)
MPRegen 0.13/turn                (no ring)

@: berserking, gold aura, very quick
A: fangs 1, strong nose, distributed training
a: Renounce Religion, Potion Petition, Call Merchant, Bribe Branch


You were in the Dungeon.
You worshipped Gozag.
Gozag was noncommittal.
You visited 1 branch

Inventory:

Hand Weapons
 a - a +2 falchion
 b - a +0 sling
 f - a +1 vampiric hand axe
 p - a +2 rapier of speed (weapon)
Armour
 c - a +0 helmet (worn)
 e - a +0 robe (worn)
 g - a +0 chain mail
 q - a +0 cloak
 r - a +0 pair of gloves
 s - a +1 chain mail
Jewellery
 t - a +3 ring of intelligence
 u - a +3 ring of intelligence
Wands
 o - a wand of quicksilver (10)
Scrolls
 j - 2 scrolls of blinking
 n - 2 scrolls of amnesia
Potions
 h - a potion of haste
 i - 4 potions of magic
 k - a potion of invisibility
 l - 2 potions of heal wounds
 m - 4 potions of curing


   Skills:
 + Level 8.1 Fighting
 + Level 4.7 Short Blades
 + Level 9.8 Long Blades
 + Level 4.7 Axes
 + Level 4.7 Maces & Flails
 + Level 4.7 Polearms
 + Level 4.7 Staves
 + Level 6.6 Ranged Weapons
 + Level 4.7 Throwing
 + Level 4.7 Armour
 + Level 5.4 Dodging
 + Level 4.7 Stealth
 + Level 4.7 Shields
 + Level 4.7 Unarmed Combat
 + Level 4.7 Spellcasting
 + Level 3.9 Conjurations
 + Level 3.9 Hexes
 + Level 3.9 Summonings
 + Level 3.9 Necromancy
 + Level 3.9 Translocations
 + Level 3.9 Transmutations
 + Level 3.9 Fire Magic
 + Level 3.9 Ice Magic
 + Level 3.9 Air Magic
 + Level 3.9 Earth Magic
 + Level 3.9 Poison Magic
 + Level 5.1 Invocations
 + Level 4.7 Evocations


You had 14 spell levels left.
You didn't know any spells.
Your spell library was empty.

Dungeon Overview and Level Annotations

Branches:
Dungeon (1/1)

Altars:
Cheibriados
Dithmenos
Elyvilon
Fedhas
Gozag
Hepliaklqana
Kikubaaqudgha
Makhleb
Nemelex Xobeh
Okawaru
Qazlal
Ru
Sif Muna
Trog
Uskayaw
Vehumet
Wu Jian
Xom
Yredelemnul
Zin
The Shining One
Jiyva
Lugonu


Innate Abilities, Weirdness & Mutations

You have very sharp teeth.
Your uncanny sense of smell can sniff out nearby items.
Your experience applies equally to all skills.


Message History

Your Polearms skill increases to level 4!
Your Staves skill increases to level 4!
Your Throwing skill increases to level 4!
Your Armour skill increases to level 4!
Your Dodging skill increases to level 5!
Your Stealth skill increases to level 4!
Your Shields skill increases to level 4!
Your Unarmed Combat skill increases to level 4!
Your Spellcasting skill increases to level 4!
Your Evocations skill increases to level 4!
You have reached level 6!
The orc warrior completely misses you. The orc warrior barely misses you.
You see here 45 gold pieces.
You hit the orc warrior but do no damage.
You hit the orc warrior.
The orc warrior is moderately wounded.
The orc warrior hits you from afar with a +0 trident!
The orc warrior hits you with a +0 trident!
You barely miss the orc warrior.
You bite the orc warrior, but do no damage.
The orc warrior is moderately wounded.
The orc warrior hits you with a +0 trident!
The orc warrior hits you from afar with a +0 trident!
* * * LOW HITPOINT WARNING * * *
You hit the orc warrior.
The orc warrior is moderately wounded.
Unknown command.
A red film seems to cover your vision as you go berserk!
You feel yourself moving faster!
You feel mighty! The orc warrior barely misses you. The orc warrior misses you.
You closely miss the orc warrior.
The orc warrior is moderately wounded.
The orc warrior barely misses you. The orc warrior misses you.
You puncture the orc warrior! You bite the orc warrior.
You kill the orc warrior!
Your Fighting skill increases to level 8!
Your Invocations skill increases to level 5!
The orc warrior hits you with a +0 trident!
You die...
Your body crumbles into a pile of gold.

▓.▓
$
▓.▓
▓.▓
$
▓.▓
▓.▓
$
▓.▓
∆
▓'▓
∆ $
▓$▓
$
▓@▓
∆ $
▓o▓
$
▓W▓
$ $
▓O▓
$
▓{▓
∆ $
▓+▓
∆ ∆


You could see a two-headed ogre, a wraith and an orc warrior.

Vanquished Creatures
  A water moccasin (D)
  An orc warrior (D)
  A howler monkey (D)
  A hound (D)
  An iguana (D)
  An adder (D)
  A dart slug (D)
  An orc (D)
  2 endoplasms (D)
  A goblin (D)
  A jackal (D)
12 creatures vanquished.

Notes
Turn   | Place    | Note
-------+----------+-------------------------------------------
     0 | D        | DiggyJ the Gnoll Wanderer began the quest for the Orb.
     0 | D        | DiggyJ set off with the following items: a +2 falchion, a
                  | +0 sling, a +0 helmet, 2 potions of berserk rage, a +0
                  | robe, a potion of curing, a potion of heal wounds, a potion
                  | of haste, 2 potions of magic, a scroll of blinking.
     0 | D        | Reached XP level 1. HP: 23/23 MP: 1/1
    13 | D        | Reached skill level 1 in Invocations
    21 | D        | Reached skill level 1 in Short Blades
    21 | D        | Reached skill level 1 in Axes
    21 | D        | Reached skill level 1 in Maces & Flails
    21 | D        | Reached skill level 1 in Polearms
    21 | D        | Reached skill level 1 in Staves
    21 | D        | Reached skill level 1 in Throwing
    21 | D        | Reached skill level 1 in Armour
    21 | D        | Reached skill level 1 in Stealth
    21 | D        | Reached skill level 1 in Shields
    21 | D        | Reached skill level 1 in Unarmed Combat
    21 | D        | Reached skill level 1 in Spellcasting
    21 | D        | Reached skill level 1 in Evocations
    22 | D        | Reached XP level 2. HP: 26/29 MP: 1/3
   140 | D        | Noticed a water moccasin
   149 | D        | Reached skill level 5 in Ranged Weapons
   149 | D        | Reached skill level 1 in Conjurations
   149 | D        | Reached skill level 1 in Hexes
   149 | D        | Reached skill level 1 in Summonings
   149 | D        | Reached skill level 1 in Necromancy
   149 | D        | Reached skill level 1 in Translocations
   149 | D        | Reached skill level 1 in Transmutations
   149 | D        | Reached skill level 1 in Fire Magic
   149 | D        | Reached skill level 1 in Ice Magic
   149 | D        | Reached skill level 1 in Air Magic
   149 | D        | Reached skill level 1 in Earth Magic
   149 | D        | Reached skill level 1 in Poison Magic
   149 | D        | Reached XP level 3. HP: 18/35 MP: 3/6
   161 | D        | Reached skill level 9 in Long Blades
   161 | D        | Reached XP level 4. HP: 30/43 MP: 4/8
   171 | D        | Killed a water moccasin
   172 | D        | Reached XP level 5. HP: 49/49 MP: 5/10
   260 | D        | Found a snail-covered altar of Cheibriados.
   260 | D        | Found a shadowy altar of Dithmenos.
   260 | D        | Found a white marble altar of Elyvilon.
   260 | D        | Found a blossoming altar of Fedhas.
   260 | D        | Found an opulent altar of Gozag.
   261 | D        | Found a hazy altar of Hepliaklqana.
   262 | D        | Found a viscous altar of Jiyva.
   263 | D        | Found an ancient bone altar of Kikubaaqudgha.
   264 | D        | Found a corrupted altar of Lugonu.
   265 | D        | Found a burning altar of Makhleb.
   266 | D        | Found a sparkling altar of Nemelex Xobeh.
   267 | D        | Found an iron altar of Okawaru.
   268 | D        | Found a stormy altar of Qazlal.
   269 | D        | Found a sacrificial altar of Ru.
   270 | D        | Found a shimmering blue altar of Sif Muna.
   271 | D        | Found a bloodstained altar of Trog.
   272 | D        | Found a hide-covered altar of Uskayaw.
   273 | D        | Found a radiant altar of Vehumet.
   274 | D        | Found an ornate altar of the Wu Jian Council.
   275 | D        | Found a shimmering altar of Xom.
   276 | D        | Found a basalt altar of Yredelemnul.
   277 | D        | Found a glowing silver altar of Zin.
   278 | D        | Found a glowing golden altar of the Shining One.
   471 | D        | Became a worshipper of Gozag Ym Sagoz the Greedy
   500 | D        | Noticed an orc warrior
   500 | D        | Noticed an orc warrior
   500 | D        | Noticed a wraith
   500 | D        | Noticed a two-headed ogre
   510 | D        | Reached skill level 5 in Dodging
   510 | D        | Reached XP level 6. HP: 45/56 MP: 10/12
   517 | D        | Killed an orc warrior
   518 | D        | Reached skill level 5 in Invocations
   518 | D        | Slain by an orc warrior

Illustrated notes

Levels and vault maps discovered:
D:        linesprint [early_d, line_temple, items_1, d_10, items_2, lair_1,
          lair_end, items_3, orc_1, orc_end, items_4, d_15, swamp_1, shoals_1,
          snake_1, spider_1, d_20, vaults_1, items_5, swamp_end, shoals_end,
          snake_end, spider_end, vaults_end, d_27, items_6, zot_1, zot_end,
          crypt_end, forest_end, elf_end, slime_end, tomb_end, abyss_end,
          pan_hell_end]

Skill      XL: |  1  2  3  4  5  6 |
---------------+-------------------+-----
Invocations    | 1 2 3 4 5 |  5.1
Short Blades   | 1 2 3 4 |  4.7
Axes           | 1 2 3 4 |  4.7
Maces & Flails | 1 2 3 4 |  4.7
Polearms       | 1 2 3 4 |  4.7
Staves         | 1 2 3 4 |  4.7
Throwing       | 1 2 3 4 |  4.7
Armour         | 1 2 3 4 |  4.7
Stealth        | 1 2 3 4 |  4.7
Shields        | 1 2 3 4 |  4.7
Unarmed Combat | 1 2 3 4 |  4.7
Spellcasting   | 1 2 3 4 |  4.7
Evocations     | 1 2 3 4 |  4.7
Ranged Weapons | 5 6 |  6.6
Dodging        | 3 4 5 |  5.4
Conjurations   | 1 2 3 |  3.9
Hexes          | 1 2 3 |  3.9
Summonings     | 1 2 3 |  3.9
Necromancy     | 1 2 3 |  3.9
Translocations | 1 2 3 |  3.9
Transmutations | 1 2 3 |  3.9
Fire Magic     | 1 2 3 |  3.9
Ice Magic      | 1 2 3 |  3.9
Air Magic      | 1 2 3 |  3.9
Earth Magic    | 1 2 3 |  3.9
Poison Magic   | 1 2 3 |  3.9
Fighting       | 7 8 |  8.1
Long Blades    | 9 |  9.8

Action                     |  1- 3 |  4- 6 || total
---------------------------+-------+-------++-------
  Melee: Falchion          |    37 |     8 ||    45
         Bite              |     4 |     2 ||     6
         Rapier            |       |    14 ||    14
    Use: Potion            |     1 |     3 ||     4
 Armour: Robe              |     6 |     1 ||     7
  Dodge: Dodged            |    17 |    21 ||    38

Table legend: (Time is in decaauts)
 A = Elapsed time spent in this place.
 B = Non-inter-level travel time spent in this place.
 C = Inter-level travel time spent in this place.
 D = Time resting spent in this place.
 E = Time spent auto-exploring this place.
 F = Levels seen in this place.
 G = Mean time per level.
                   A        B        C        D        E       F      G
               +--------+--------+--------+--------+--------+-----+--------+
         Total |    515 |    515 |      0 |    193 |      0 |   1 |  515.0 |
       Dungeon |    515 |    515 |      0 |    193 |      0 |   1 |  515.0 |
               +--------+--------+--------+--------+--------+-----+--------+

Top non-repeatable levels by time:
       D: 515 daAuts
